 Dungeon Crawl Stone Soup version 0.25-a0-287-g56a5b49892 (webtiles) character file.

Game seed: 14691708833265830375, levelgen mode: deterministic

2337295 Ijustatesigmund the Axe Maniac (level 27, 266/266 HPs)
             Began as a Hill Orc Fighter on Nov 26, 2019.
             Was the Champion of Cheibriados.
             Escaped with the Orb
             ... and 4 runes on Dec 12, 2019!
             The game lasted 03:38:30 (75638 turns).

Ijustatesigmund the Axe Maniac (Hill Orc Fighter)  Turns: 75638, Time: 03:38:30

Health: 266/266    AC: 46    Str: 37 (38) XL:     27
Magic:  36/36      EV: 31    Int: 26      God:    Cheibriados [******]
Gold:   5954       SH: 18    Dex: 31      Spells: 32/40 levels left

rFire    + + .     SeeInvis +   z - +9 broad axe (flame)
rCold    + + .     Gourm    .   c - +0 shield of the Catamount {+Inv rPois SInv}
rNeg     . . .     Faith    .   j - +9 gold dragon scales
rPois    +         Spirit   .   U - +2 hat
rElec    .         Reflect  .   P - scarf {rC+ rF+}
rCorr    +         Harm     .   g - +2 pair of gloves
MR       ++...                  w - +2 pair of boots
Stlth    ..........             y - amulet of the acrobat
HPRegen  0.54/turn              I - ring of resist corrosion
MPRegen  0.25/turn              F - +6 ring of evasion

@: studying 2 skills, very slow
A: horns 1, molten scales 1, thin metallic scales 1, blurry vision 2,
deterioration 2, low mp 1, screaming 1, inhibited regeneration, subdued magic 2
0: Orb of Zot
}: 4/15 runes: barnacled, slimy, silver, gossamer
a: Bend Time, Temporal Distortion, Slouch, Step From Time, Renounce Religion,
Evoke Invisibility


You escaped.
You worshipped Cheibriados.
Cheibriados was exalted by your worship.
You were not hungry.

You visited 11 branches of the dungeon, and saw 55 of its levels.
You visited the Abyss 1 time.
You visited 1 ziggurat, and saw 8 of its levels.
You also visited: Ossuary and Bailey.

You collected 8203 gold pieces.
You spent 2249 gold pieces at shops.

Inventory:

Hand Weapons
 a - a +9 broad axe
 z - a +9 broad axe of flaming (weapon)
Armour
 c - the +0 shield of the Catamount (worn) {+Inv rPois SInv}
   (You found it in a bailey)

   It protects you from poison.
   It lets you see invisible.
   It lets you turn invisible.
 g - a +2 pair of gloves (worn)
 j - +9 gold dragon scales (worn)
 l - +2 ice dragon scales
 w - a +2 pair of boots (worn)
 P - a scarf of resistance (worn)
 U - a +2 hat (worn)
Jewellery
 b - an uncursed ring of protection from cold
 y - an amulet of the acrobat (around neck)
 F - a +6 ring of evasion (right hand)
 I - a ring of resist corrosion (left hand)
 N - the ring "Setuuruf" {*Corrode +Blink Str+6 Int+5 SInv}
   (You found it on level 11 of the Dungeon)

   [ring of strength]

   It affects your strength (+6).
   It affects your intelligence (+5).
   It lets you see invisible.
   It lets you blink.
   It may corrode you when you take damage.
 Q - an uncursed ring of positive energy
 Y - an uncursed ring of protection from fire
Wands
 s - a wand of paralysis (56)
 D - a wand of digging (24)
 H - a wand of flame (62)
 J - a wand of polymorph (42)
 M - a wand of iceblast (33)
 O - a wand of disintegration (8)
 W - a wand of acid (18)
 X - a wand of enslavement (30)
Scrolls
 d - 20 scrolls of teleportation
 i - 3 scrolls of blinking
 o - 6 scrolls of fear
 r - 8 scrolls of fog
 t - 7 scrolls of magic mapping
 x - 2 scrolls of immolation
 B - 8 scrolls of enchant weapon
 G - 11 scrolls of amnesia
 K - 14 scrolls of remove curse
 L - 23 scrolls of identify
 R - 2 scrolls of holy word
 S - 3 scrolls of summoning
 V - 4 scrolls of silence
 Z - 3 scrolls of enchant armour
Potions
 e - 18 potions of curing
 k - 9 potions of brilliance
 m - a potion of cancellation
 n - 2 potions of might
 q - 4 potions of agility
 v - a potion of flight
 A - 9 potions of ambrosia
 C - a potion of resistance
 E - 3 potions of lignification
 T - 3 potions of magic
Books
 h - a manual of Charms
 p - a manual of Unarmed Combat
Comestibles
 f - 89 rations


   Skills:
 - Level 25.5 Fighting
 O Level 27 Axes
 - Level 20.5 Armour
 - Level 18.2 Dodging
 - Level 16.8 Shields
 - Level 7.2 Spellcasting
 - Level 11.9 Charms
 - Level 11.1 Necromancy
 - Level 7.2 Translocations
 + Level 26.7 Invocations
 - Level 15.7 Evocations


You had 32 spell levels left.
You knew the following spells:

 Your Spells              Type           Power        Failure   Level  Hunger
a - Apportation           Tloc           ####..       1%          1    None
b - Blink                 Tloc           N/A          1%          2    None
c - Song of Slaying       Chrm           #####...     1%          2    None
d - Regeneration          Chrm/Necr      #####.....   1%          3    None

Your spell library contained the following spells:

 Spells                   Type           Power        Failure   Level  Hunger
 Animate Skeleton         Necr           N/A          1%          1    None
 Infusion                 Chrm           ####         1%          1    None
 Pain                     Necr           ####         1%          1    None
 Shroud of Golubria       Chrm/Tloc      #####.       1%          2    None
 Sublimation of Blood     Necr           #####.....   1%          2    None
 Swiftness                Chrm/Air       ####....     2%          2    None
 Corpse Rot               Necr/Air       N/A          3%          2    None
 Gell's Gravitas          Tloc           ####......   3%          3    None
 Lesser Beckoning         Tloc           ####......   3%          3    None
 Spectral Weapon          Hex/Chrm       ####....     6%          3    None
 Excruciating Wounds      Chrm/Necr      #####.....   6%          5    #####..
 Agony                    Necr           #####...     7%          5    #####..
 Dispel Undead            Necr           #####...     7%          5    #####..
 Portal Projectile        Hex/Tloc       ###...       19%         3    None
 Beastly Appendage        Tmut           #.....       28%         1    None
 Confusing Touch          Hex            #.....       28%         1    None
 Corona                   Hex            #......      28%         1    None
 Foxfire                  Conj/Fire      #...         28%         1    None
 Magic Dart               Conj           #...         28%         1    None
 Sandblast                Erth           #.....       28%         1    None
 Summon Butterflies       Summ           #.......     28%         1    None
 Summon Small Mammal      Summ           #...         28%         1    None
 Call Imp                 Summ           #.......     43%         2    None
 Ensorcelled Hibernation  Hex/Ice        #.....       43%         2    None
 Passwall                 Tmut/Erth      #.......     43%         2    None
 Poisonous Vapours        Pois/Air       #.....       43%         2    None
 Searing Ray              Conj           #.....       43%         2    None
 Slow                     Hex            #.......     43%         2    None
 Sticks to Snakes         Tmut           #.......     43%         2    None
 Iskenderun's Mystic Bla  Conj/Tloc      ###.....     56%         4    ###....
 Borgnjor's Vile Clutch   Necr/Erth      ###.......   65%         5    #####..
 Call Canine Familiar     Summ           #.......     67%         3    None
 Confuse                  Hex            #.......     67%         3    None
 Conjure Flame            Conj/Fire      #.......     67%         3    None
 Dazzling Flash           Conj/Hex       #.....       67%         3    None
 Ignite Poison            Fire/Tmut/Pois #.......     67%         3    None
 Inner Flame              Hex/Fire       #.......     67%         3    None
 Mephitic Cloud           Conj/Pois/Air  #.......     67%         3    None
 Spider Form              Tmut/Pois      #.........   67%         3    None
 Static Discharge         Conj/Air       #.......     67%         3    None
 Stone Arrow              Conj/Erth      #.....       67%         3    None
 Summon Guardian Golem    Hex/Summ       #.......     67%         3    None
 Tukima's Dance           Hex            #.......     67%         3    None
 Summon Forest            Summ/Tloc      ###.......   90%         5    #####..
 Cause Fear               Hex            #.........   97%         4    ###....
 Fulminant Prism          Conj/Hex       #.........   97%         4    ###....
 Ice Form                 Ice/Tmut       #.......     97%         4    ###....
 Leda's Liquefaction      Hex/Erth       #.........   97%         4    ###....
 Petrify                  Tmut/Erth      #.......     97%         4    ###....
 Sticky Flame             Conj/Fire      #.......     97%         4    ###....
 Summon Ice Beast         Ice/Summ       #.......     97%         4    ###....
 Summon Lightning Spire   Summ/Air       #.......     97%         4    ###....
 Simulacrum               Ice/Necr       ###.......   99%         6    ######.
 Alistair's Intoxication  Tmut/Pois      #.......     100%        5    #####..
 Blade Hands              Tmut           #.........   100%        5    #####..
 Bolt of Magma            Conj/Fire/Erth #.........   100%        5    #####..
 Fireball                 Conj/Fire      #.........   100%        5    #####..
 Lee's Rapid Deconstruct  Erth           #.........   100%        5    #####..
 Lightning Bolt           Conj/Air       #.........   100%        5    #####..
 Metabolic Englaciation   Hex/Ice        #.........   100%        5    #####..
 Silence                  Hex/Air        #.........   100%        5    #####..
 Summon Mana Viper        Hex/Summ       #.......     100%        5    #####..
 Yara's Violent Unravell  Hex/Tmut       #.........   100%        5    #####..
 Conjure Ball Lightning   Conj/Air       #.........   100%        6    ######.
 Darkness                 Hex            #.........   100%        6    ######.
 Freezing Cloud           Conj/Ice/Air   #.........   100%        6    ######.
 Invisibility             Hex            #.......     100%        6    ######.
 Iron Shot                Conj/Erth      #.........   100%        6    ######.
 Ozocubu's Refrigeration  Ice            #.........   100%        6    ######.
 Shadow Creatures         Summ           N/A          100%        6    ######.
 Starburst                Conj/Fire      #.........   100%        6    ######.
 Statue Form              Tmut/Erth      #........    100%        6    ######.
 Haunt                    Necr/Summ      ###.......   100%        7    #######
 Ring of Flames           Chrm/Fire      ####......   100%        7    #######
 Borgnjor's Revivificati  Necr           #####.....   100%        8    #######
 Death's Door             Chrm/Necr      #####.....   100%        8    #######
 Ignition                 Fire           #.........   100%        8    #######
 Infestation              Necr           #####.....   100%        8    #######
 Necromutation            Tmut/Necr      ###.......   100%        8    #######
 Shatter                  Erth           #.........   100%        9    #######
 Tornado                  Air            #.........   100%        9    #######
 Passage of Golubria      Tloc           Unusable     N/A         4    N/A

Dungeon Overview and Level Annotations

Branches:
Dungeon (15/15)            Temple (1/1) D:4            Lair (6/6) D:8
 Shoals (4/4) Lair:4       Spider (4/4) Lair:2        Slime (5/5) Lair:6
    Orc (2/2) D:10            Elf (3/3) Orc:2        Vaults (5/5) D:14
  Crypt (0/3) Vaults:3     Depths (5/5) D:15            Zot (5/5) Depths:5
Ossuary (visited)          Bailey (visited)

Altars:
Ashenzari
Cheibriados
Dithmenos
Gozag
Hepliaklqana
Kikubaaqudgha
Makhleb
Okawaru
Qazlal
Ru
Trog
Uskayaw
Vehumet
Wu Jian
Xom
Yredelemnul
Zin
The Shining One
Beogh
Jiyva

Shops:
D:4 *   D:7 [   Orc:2 %([%   Elf:1 ?   Elf:2 [   Elf:3 }=}   Vaults:1 *
Vaults:2 ?   Vaults:3 !   Depths:2 %}!:

Portals:
Hell: Depths:1 Depths:2 Depths:3 Depths:4 Depths:5
Abyss: Depths:4
Pandemonium: Depths:1 Depths:3 Depths:4


Innate Abilities, Weirdness & Mutations

You have a pair of small horns on your head.
You are partially covered in molten scales. (AC +2)
You are partially covered in thin metallic scales. (AC +2)
Scrolls take you longer to read.
Your body often deteriorates upon taking damage.
Your magical capacity is low. (-10% MP)
You occasionally shout uncontrollably at your foes.
You do not regenerate when monsters are visible.
Your spells are easier to cast, but less powerful.


Message History

You closely miss the sun demon. You headbutt the sun demon.
The sun demon is lightly wounded.
You block the sun demon's attack.
You slice the sun demon!! Your headbutt misses the sun demon.
The sun demon is heavily wounded.
You block the sun demon's attack.
You slice the sun demon like a ripe choko!!!
You kill the sun demon!
Cheibriados thoroughly appreciates the change of pace.
You shout at the ynoxinul!
A ynoxinul comes into view.
The ynoxinul gestures. x2
You slice the ynoxinul!! You burn the ynoxinul.
You kill the ynoxinul!
Cheibriados appreciates the change of pace.
The ufetubus disappears in a puff of smoke! x4
No target in view!
No target in view!
There is a staircase leading out of the dungeon here.
You have escaped!

.......#######..########
###.##.÷........(......#
....##÷.##..#.#>##..##.#
...###......######..†..#
...# #..##.## ##.##.#
...# #..>### ###..# ...#
#..##.## ##.##.# ..[#
#.)....######.....# ...#
#..##..##>#@#..##.# .^.#
#.................# ...#
#...##...#.######## ####
##...#.....#
#...÷......##
#.#...##....####
#####.....###......#
#.........# #.##.#.#
#...†.....###.#....#


There were no monsters in sight!

Vanquished Creatures
  Dissolution (Slime:5)
  the Royal Jelly (Slime:5)
  6 orbs of fire
  6 ancient liches
  7 Killer Klowns
  Bai Suzhen (Depths:1)
  Frederick (Depths:5)
  Saint Roka (Depths:4)
  4 curse toes
  19 caustic shrikes (Depths:4)
  Jory (Depths:4)
  11 golden dragons
  the Enchantress (Depths:4)
  3 bone dragons
  3 electric golems
  22 tentacled monstrosities
  An Ice Fiend (D:4)
  6 liches
  25 Orb Guardians
  4 titans
  3 deep elf master archers (Elf:3)
  6 quicksilver dragons
  The ghost of Noitea the Phalangite, an adept MfGl of Okawaru (Spider:2)
  4 deep elf blademasters
  A pandemonium lord (D:4)
  16 acid blobs
  4 sphinxes
  2 tentacled starspawn (Abyss:2)
  Polyphemus (Shoals:2)
  2 thorn hunters (Depths:2)
  5 death cobs
  13 shadow dragons
  13 tengu reavers
  21 storm dragons
  7 draconian monks
  9 deep elf sorcerers
  10 fire giants
  10 frost giants
  15 azure jellies
  15 vault wardens
  2 iron dragons
  9 deep elf elementalists
  An orc warlord (Orc:2)
  6 emperor scorpions
  5 draconian knights
  8 ghost moths
  6 draconian scorchers
  6 draconian annihilators
  3 draconian stormcallers
  8 draconian shifters
  A curse skull (Vaults:3)
  2 spriggan defenders (Depths:4)
  2 war gargoyles
  13 ironheart preservers
  A juggernaut skeleton (Depths:3)
  7 entropy weavers
  Nessos (Lair:4)
  21 very ugly things
  5 vampire knights
  The ghost of Niezos the Carver, a journeyman HOFi of Okawaru (Elf:1)
  16 green draconians
  14 black draconians
  16 stone giants
  3 deep elf demonologists
  13 deep elf annihilators
  16 yellow draconians
  13 white draconians
  16 red draconians
  4 merfolk javelineers
  An eidolon (Zig:7)
  12 spark wasps
  2 blizzard demons (Abyss:2)
  16 ettins
  12 purple draconians
  11 deep elf death magi
  8 death oozes
  15 yaktaur captains
  11 fire dragons
  Josephine (D:13)
  15 ice dragons
  8 deep elf high priests
  9 great orbs of eyes
  15 merfolk impalers
  A naga warrior (Zig:5)
  9 rakshasas
  9 hydras
  Fannar (D:11)
  A monstrous demonspawn (Zot:2)
  6 ogre magi
  A hell beast (Depths:3)
  A hydra (shapeshifter) (Depths:3)
  7 spriggan air magi
  26 vault guards
  4 catoblepae
  12 merfolk aquamancers
  A two-headed ogre (shapeshifter) (Vaults:3)
  3 merfolk avatars
  2 alligator snapping turtles (Shoals:4)
  2 satyrs (Shoals:4)
  A shambling mangrove (Lair:2)
  25 two-headed ogres
  2 death knights
  11 centaur warriors
  2 vampire magi
  34 dancing weapons
  2 orc high priests
  7 tengu warriors
  7 spriggan berserkers
  8 death scarabs (Spider:4)
  10 death yaks
  14 deep troll earth magi
  19 deep troll shamans
  8 spriggans
  2 spectral emperor scorpions (Spider:4)
  4 skeletal warriors (D:12)
  2 shock serpents
  2 fire crabs (shapeshifter)
  22 deep elf knights
  11 iron trolls
  3 sun demons
  A sixfirhy (Abyss:2)
  10 hell knights
  2 shadow wraiths
  A large abomination (Abyss:2)
  4 unseen horrors (Vaults:1)
  12 sea snakes
  A spatial maelstrom (Abyss:2)
  10 wizards
  46 deep trolls
  A fire crab (Lair:6)
  5 glowing orange brains
  7 phantasmal warriors
  A naga ritualist (Zig:5)
  A swamp dragon (shapeshifter) (Elf:1)
  An obsidian statue (Zig:8)
  5 spectral wolf spiders
  A deep troll (shapeshifter) (Depths:4)
  5 small abominations
  2 wolf spider zombies (Spider:4)
  11 orc knights
  11 ironbrand convokers
  27 harpies
  19 deep elf archers
  A harpy (shapeshifter) (Depths:1)
  8 necromancers
  A mana viper (Zot:2)
  16 orb spiders
  65 ugly things
  Pikel (D:8)
  A fire giant zombie (Vaults:4)
  34 wolf spiders
  4 oklob plants (Lair:3)
  A frost giant zombie (Vaults:5)
  A faun (shapeshifter) (Depths:3)
  A sphinx skeleton (Vaults:4)
  59 deep elf magi
  13 cyclopes
  A worldbinder (Abyss:2)
  3 orc sorcerers
  9 shining eyes
  15 manticores
  18 fauns
  28 moths of wrath
  A salamander (Lair:3)
  A guardian serpent (Abyss:2)
  2 rust devils
  10 water nymphs
  10 merfolk sirens
  Maurice (D:8)
  7 black mambas
  A smoke demon (Abyss:2)
  4 eyes of devastation
  An apocalypse crab (Abyss:2)
  18 vault sentinels
  4 gargoyles
  A torpor snail (shapeshifter) (Depths:1)
  3 naga magi (Zig:5)
  A torpor snail (Spider:4)
  A black mamba (shapeshifter) (Depths:2)
  2 yaktaur zombies
  8 molten gargoyles
  A titan simulacrum (Depths:3)
  8 komodo dragons
  12 spiny frogs
  52 yaktaurs
  A rime drake (shapeshifter) (Vaults:4)
  2 tormentors
  6 kobold demonologists
  3 tengu conjurers (Depths:3)
  3 rime drakes
  An entropy weaver simulacrum (Spider:2)
  3 spectral redbacks
  An ice devil (D:8)
  3 freezing wraiths
  26 demonic crawlers
  A komodo dragon (shapeshifter) (Vaults:4)
  2 redback zombies (Spider:4)
  A yaktaur (shapeshifter) (Vaults:4)
  2 ancient zymes (Abyss:2)
  A ghost moth simulacrum (Spider:2)
  5 guardian mummies (Zig:4)
  4 polar bears
  2 trolls (shapeshifter)
  5 trolls
  5 spectral jumping spiders (Spider:4)
  43 jumping spiders
  A raiju (shapeshifter) (D:11)
  37 merfolk
  4 spectral tarantellas (Spider:4)
  108 slime creatures
  8 wind drakes
  A polar bear (shapeshifter) (Depths:4)
  A wind drake (shapeshifter) (Vaults:5)
  A bog body (Zig:8)
  12 hornets
  5 blink frogs (Lair:5)
  A tarantella zombie (Spider:4)
  16 hippogriffs
  2 raiju (Abyss:2)
  14 snapping turtles
  A stone giant simulacrum (Vaults:3)
  Prince Ribbit (D:6)
  14 dream sheep
  An ice dragon skeleton (Zig:2)
  67 redbacks
  A redback (shapeshifter) (Vaults:4)
  6 air elementals
  The ghost of endorz the Ruffian, an amateur TrFi (D:4)
  2 spriggans (shapeshifter)
  A vampire (D:13)
  An ettin skeleton (Vaults:5)
  2 shadows
  A yak (shapeshifter) (Vaults:2)
  2 tarantellas (shapeshifter)
  An ushabti (Zig:4)
  33 tarantellas
  6 wyverns
  2 ynoxinuls
  6 fire elementals
  7 wraiths
  40 yaks
  A human (shapeshifter) (Vaults:1)
  2 fire bats (Lair:3)
  30 water elementals
  18 golden eyes
  A golden eye (shapeshifter) (Vaults:2)
  19 humans (D:14)
  2 basilisks
  Grum (D:9)
  A chaos spawn (D:4)
  A neqoxec (Abyss:2)
  5 hungry ghosts
  A soldier ant (D:15)
  9 wargs
  2 yaktaur simulacra
  A spectral orb spider (Spider:2)
  5 acid dragons
  7 water moccasins
  A hell hound (Zig:2)
  10 porcupines
  A floating eye (shapeshifter) (D:10)
  2 hornet zombies (Spider:4)
  44 orc warriors
  5 sky beasts
  5 black bears
  3 tarantella simulacra (Spider:2)
  4 ice beasts
  A human zombie (Vaults:4)
  2 jumping spider simulacra (Spider:2)
  2 slaves (D:8)
  An eye of draining (shapeshifter) (Depths:4)
  A necrophage (D:9)
  An ogre (shapeshifter) (Vaults:4)
  15 wolves
  11 eyes of draining
  2 phantoms
  22 ogres
  6 boggarts (Depths:1)
  29 centaurs
  An elf skeleton (Vaults:4)
  9 crocodiles
  Blork the orc (D:6)
  6 big kobolds
  18 earth elementals
  20 bullfrogs
  A wyvern zombie (D:12)
  3 water moccasin skeletons
  A wyvern skeleton (D:13)
  4 scorpions
  12 killer bees
  A tengu skeleton (Zig:4)
  6 howler monkeys
  A wight (D:8)
  An electric eel (Orc:2)
  6 centaur zombies
  2 lava snakes
  10 crimson imps
  A bullfrog zombie (D:11)
  16 starcursed masses (Abyss:2)
  4 hounds
  17 jellies
  17 orc priests
  4 quasits
  Crazy Yiuf (D:3)
  4 centaur skeletons
  3 iron imps (D:4)
  3 bullfrog skeletons
  3 iguanas
  28 orc wizards
  4 hell rats (Lair:5)
  15 worker ants
  4 big kobold zombies (Ossuary)
  A hound skeleton (D:5)
  2 hound zombies
  8 mummies
  A worker ant zombie (D:6)
  6 gnolls
  10 adders
  7 shadow imps
  2 white imps
  An ufetubus (Abyss:2)
  17 oozes
  2 worms (D:2)
  6 dart slugs
  4 leopard geckos
  107 orcs
  4 giant cockroaches
  15 goblins
  8 hobgoblins
  13 jackals
  9 quokkas
  4 ball pythons
  A ball python skeleton (D:4)
  6 bats
  7 frilled lizards
  2 hobgoblin zombies (Ossuary)
  A jackal skeleton (D:9)
  25 kobolds
  A quokka zombie (D:8)
  6 rats
  7 crawling corpses
  3 fire vortices (Depths:2)
  5 fungi
  9 plants
  2 starspawn tentacles (Abyss:2)
2862 creatures vanquished.

Vanquished Creatures (collateral kills)
  An ettin (Vaults:5)
  A merfolk impaler (Shoals:3)
  2 swamp dragons (Zig:8)
  An orc knight (Bailey)
  A merfolk siren (Shoals:3)
  An orc warrior (Bailey)
  7 orcs (Bailey)
14 creatures vanquished.

Vanquished Creatures (others)
  Nikola (Spider:1)
  An Orb Guardian (Zot:5)
  A storm dragon (Zot:1)
  A fire giant (Depths:5)
  An ironheart preserver (Vaults:5)
  A war gargoyle (Vaults:4)
  2 deep elf death magi
  An ogre mage (Vaults:5)
  A vault guard (Vaults:5)
  A deep troll shaman (Depths:3)
  A deep elf knight (Elf:2)
  A harpy (shapeshifter) (Vaults:5)
  An orc knight (Bailey)
  A deep elf mage (Elf:1)
  An orb spider (Spider:1)
  A vault sentinel (Vaults:5)
  A demonic crawler (Spider:1)
  A yaktaur (Vaults:5)
  A hornet (Lair:2)
  A slime creature (Slime:5)
  A slave (D:8)
  An orc warrior (Orc:2)
  A briar patch (Depths:2)
  2 crawling corpses (Vaults:5)
  3 fungi
  38 plants
  4 starspawn tentacles (Abyss:2)
71 creatures vanquished.

Grand Total: 2947 creatures vanquished

Notes
Turn   | Place    | Note
-------+----------+-------------------------------------------
     0 | D:1      | Ijustatesigmund the Hill Orc Fighter began the quest for
                  | the Orb.
     0 | D:1      | Reached XP level 1. HP: 19/19 MP: 1/1
    26 | D:1      | Reached skill level 3 in Axes
    60 | D:1      | Reached XP level 2. HP: 22/27 MP: 2/2
   317 | D:1      | Reached XP level 3. HP: 23/34 MP: 3/3
   547 | D:2      | Reached skill level 4 in Axes
   869 | D:2      | Reached XP level 4. HP: 41/41 MP: 4/4
  1070 | D:2      | Reached skill level 5 in Fighting
  1077 | D:2      | Reached skill level 5 in Axes
  1086 | D:2      | Reached XP level 5. HP: 21/48 MP: 5/5
  1254 | D:2      | Found a shattered altar of Ashenzari.
  1725 | D:2      | Gained mutation: You are clumsy. (Dex -2) [potion of
                  | mutation]
  1725 | D:2      | Gained mutation: You passively map a small area around you.
                  | [potion of mutation]
  1800 | D:3      | Reached skill level 6 in Axes
  1800 | D:3      | Reached XP level 6. HP: 21/57 MP: 6/6
  2231 | D:3      | Found a runed translucent door.
  2232 | D:3      | Noticed Crazy Yiuf
  2246 | D:3      | Killed Crazy Yiuf
  2782 | D:4      | Reached skill level 7 in Axes
  2782 | D:4      | Reached XP level 7. HP: 64/64 MP: 7/7
  2833 | D:4      | Found a staircase to the Ecumenical Temple.
  2940 | D:4      | Reached skill level 8 in Axes
  2961 | Temple   | Entered the Ecumenical Temple
  2968 | Temple   | Became a worshipper of Cheibriados the Contemplative
  3021 | D:4      | Found a runed translucent door.
  3025 | D:4      | Noticed endorz's ghost (amateur TrFi)
  3038 | D:4      | Killed endorz's ghost
  3038 | D:4      | Reached XP level 8. HP: 50/74 MP: 7/9
  3112 | D:4      | Lost mutation: You passively map a small area around you.
                  | [potion of mutation]
  3112 | D:4      | Lost mutation: You are clumsy. (Dex -2) [potion of
                  | mutation]
  3112 | D:4      | Gained mutation: You are resistant to hostile enchantments.
                  | (MR+) [potion of mutation]
  3112 | D:4      | Gained mutation: You have a pair of small horns on your
                  | head. [potion of mutation]
  3112 | D:4      | Gained mutation: You are partially covered in icy blue
                  | scales. (AC +2) [potion of mutation]
  3144 | D:4      | Found a burning altar of Makhleb.
  3350 | D:4      | Found Lubealaf's General Store.
  3353 | D:4      | Bought a scroll of enchant armour for 75 gold pieces
  3548 | D:5      | Entered Level 5 of the Dungeon
  3676 | D:6      | Reached skill level 5 in Armour
  3688 | D:6      | Noticed Prince Ribbit
  3697 | D:6      | Reached skill level 5 in Shields
  3753 | D:6      | Noticed Blork the orc
  3759 | D:6      | Killed Blork the orc
  3824 | D:6      | Reached skill level 5 in Invocations
  3848 | D:6      | Found a sand-covered staircase.
  3858 | Ossuary  | Entered an ossuary
  3868 | Ossuary  | Reached XP level 9. HP: 63/81 MP: 11/13
  3954 | Ossuary  | Reached * piety under Cheibriados
  4197 | D:6      | Killed Prince Ribbit
  4197 | D:6      | Reached skill level 1 in Dodging
  4624 | D:6      | Reached ** piety under Cheibriados
  5383 | D:5      | Got a crude scale mail
  5389 | D:5      | Identified the +3 scale mail of Buhu {+Fly} (You found it
                  | on level 5 of the Dungeon)
  5635 | D:7      | Found a shattered altar of Ashenzari.
  5635 | D:7      | Found a hazy altar of Hepliaklqana.
  5700 | D:7      | Found a radiant altar of Vehumet.
  5700 | D:7      | Found a glowing silver altar of Zin.
  5702 | D:7      | Found a sacrificial altar of Ru.
  5703 | D:7      | Found an iron altar of Okawaru.
  5703 | D:7      | Found a bloodstained altar of Trog.
  5707 | D:7      | Found Qiavih Vawo's Armour Shop.
  5780 | D:7      | Reached skill level 9 in Axes
  6255 | D:8      | Noticed Maurice
  6268 | D:8      | Killed Maurice
  6268 | D:8      | Reached skill level 1 in Evocations
  6268 | D:8      | Reached XP level 10. HP: 85/91 MP: 15/15
  6485 | D:8      | Reached *** piety under Cheibriados
  6738 | D:8      | Found a staircase to the Lair.
  6771 | D:8      | Noticed Pikel
  6787 | D:8      | Killed Pikel
  6854 | D:8      | Reached skill level 10 in Axes
  6948 | D:9      | Noticed Grum
  6951 | D:9      | Reached **** piety under Cheibriados
  6959 | D:9      | Killed Grum
  7047 | D:9      | Reached skill level 10 in Fighting
  7089 | D:9      | Reached XP level 11. HP: 73/99 MP: 17/17
  7197 | D:9      | Noticed a cyclops
  7205 | D:9      | Killed a cyclops
  7282 | D:9      | Reached ***** piety under Cheibriados
  7549 | D:10     | Entered Level 10 of the Dungeon
  7565 | D:10     | Found a staircase to the Orcish Mines.
  7585 | D:10     | Reached skill level 11 in Axes
  7755 | D:10     | Reached skill level 10 in Invocations
  8117 | D:10     | Paralysed by a floating eye for 3 turns
  8121 | D:10     | Paralysed by a floating eye for 4 turns
  8392 | D:10     | Identified the cursed +3 great sword of Infinite Pain
                  | {flame, Dex+6}
  8439 | D:10     | Noticed a four-headed hydra
  8454 | D:10     | Killed a four-headed hydra
  8651 | D:10     | Reached skill level 12 in Axes
  8784 | D:10     | Identified a +2 pair of boots of running (You found it on
                  | level 10 of the Dungeon)
  9121 | D:11     | Noticed a cyclops
  9133 | D:11     | Killed a cyclops
  9395 | D:11     | Noticed a green ugly thing
  9403 | D:11     | Killed a green ugly thing
  9406 | D:11     | Reached XP level 12. HP: 95/112 MP: 20/20
  9439 | D:11     | Noticed a death knight
  9451 | D:11     | Killed a death knight
  9575 | D:11     | Reached skill level 13 in Axes
  9948 | D:11     | Noticed Fannar
  9962 | D:11     | Killed Fannar
 10138 | D:11     | Noticed a soul eater
 10141 | D:11     | Noticed a sun demon
 10146 | D:11     | Got a pitted pewter ring
 10148 | D:11     | Identified the ring "Setuuruf" {*Corrode +Blink Str+6 Int+5
                  | SInv} (You found it on level 11 of the Dungeon)
 10793 | D:12     | Reached skill level 5 in Evocations
 11502 | D:12     | Identified the cursed +1 hand crossbow "Rutiz" {flame,
                  | Dex+3}
 11566 | D:12     | Reached ****** piety under Cheibriados
 11774 | D:12     | Reached XP level 13. HP: 89/119 MP: 22/22
 12148 | D:13     | You fall into a shaft and drop 2 floors!
 12148 | D:15     | Entered Level 15 of the Dungeon
 12162 | D:15     | Reached skill level 10 in Evocations
 13158 | D:15     | Noticed an ogre mage
 13171 | D:15     | Killed an ogre mage
 13579 | D:15     | Paralysed by a hornet for 2 turns
 13753 | D:15     | Noticed an ice dragon
 13754 | D:15     | Noticed an ice dragon
 13761 | D:15     | Killed an ice dragon
 13764 | D:15     | Killed an ice dragon
 13949 | D:15     | Found a staircase to the Depths.
 14498 | D:14     | Reached XP level 14. HP: 127/127 MP: 23/23
 14598 | D:14     | Found a gate to the Vaults.
 15252 | D:14     | Reached skill level 14 in Axes
 15434 | D:13     | Found a snail-covered altar of Cheibriados.
 16451 | D:13     | Noticed Josephine
 16462 | D:13     | Killed Josephine
 16704 | Orc:1    | Entered Level 1 of the Orcish Mines
 16720 | Orc:1    | Found a flagged portal.
 16745 | Bailey   | Entered a bailey
 17059 | Bailey   | Got a shimmering shield
 17065 | Bailey   | Identified the +0 shield of the Catamount {+Inv rPois SInv}
                  | (You found it in a bailey)
 17225 | Orc:1    | Found a roughly hewn altar of Beogh.
 17630 | Orc:2    | Entered Level 2 of the Orcish Mines
 17637 | Orc:2    | Reached skill level 10 in Armour
 18000 | Orc:2    | Reached XP level 15. HP: 137/137 MP: 25/25
 18124 | Orc:2    | Found a roughly hewn altar of Beogh.
 18152 | Orc:2    | Found a roughly hewn altar of Beogh.
 18153 | Orc:2    | Found Zilatafaf's Food Shoppe.
 18205 | Orc:2    | Found a roughly hewn altar of Beogh.
 18329 | Orc:2    | Found a roughly hewn altar of Beogh.
 18330 | Orc:2    | Found Gothryxai's Food Shop.
 18471 | Orc:2    | Found a staircase to the Elven Halls.
 18521 | Orc:2    | Found a roughly hewn altar of Beogh.
 18561 | Orc:2    | Found a roughly hewn altar of Beogh.
 18660 | Orc:2    | Noticed an orc warlord
 18674 | Orc:2    | Killed an orc warlord
 18940 | Orc:2    | Found Awurut's Antique Weapon Shoppe.
 18947 | Orc:2    | Found Doesugac's Antique Armour Emporium.
 18948 | Orc:2    | Found a roughly hewn altar of Beogh.
 18971 | Orc:2    | Bought a steaming leather armour for 210 gold pieces
 18981 | Orc:2    | Identified the +1 leather armour of Qucyl {-Cast rC+ Dex+5}
                  | (You bought it in a shop on level 2 of the Orcish Mines)
 19134 | Lair:1   | Entered Level 1 of the Lair of Beasts
 19254 | Lair:1   | Reached skill level 15 in Axes
 19324 | Lair:1   | You fall into a shaft and drop 1 floor!
 20000 | Lair:2   | Found a hole to the Spider Nest.
 22778 | Lair:4   | Noticed Nessos
 22784 | Lair:4   | Killed Nessos
 22994 | Lair:4   | Found a staircase to the Shoals.
 24083 | Lair:5   | Reached skill level 15 in Invocations
 24178 | Lair:6   | Entered Level 6 of the Lair of Beasts
 24356 | Lair:6   | Found a sacrificial altar of Ru.
 24490 | Lair:6   | Reached XP level 16. HP: 147/147 MP: 27/27
 24589 | Lair:6   | Reached skill level 16 in Axes
 24599 | Lair:6   | Reached skill level 15 in Fighting
 24904 | Lair:6   | Found a staircase to the Slime Pits.
 25542 | Spider:1 | Entered Level 1 of the Spider Nest
 25944 | Spider:1 | Noticed Nikola
 26214 | Spider:1 | Killed Nikola
 27529 | Spider:2 | Reached skill level 5 in Dodging
 27898 | Spider:2 | Found a runed translucent gate.
 27899 | Spider:2 | Found a runed translucent gate.
 27899 | Spider:2 | Found a runed translucent gate.
 27901 | Spider:2 | Noticed Noitea's ghost (adept MfGl)
 28348 | Spider:2 | Upgraded the game from 0.25-a0-177-gd145f35b4e to
                  | 0.25-a0-184-gcd15a05269
 28628 | Spider:2 | Killed Noitea's ghost
 28633 | Spider:2 | Reached XP level 17. HP: 100/156 MP: 22/28
 30459 | Spider:4 | Entered Level 4 of the Spider Nest
 32109 | Spider:4 | Upgraded the game from 0.25-a0-184-gcd15a05269 to
                  | 0.25-a0-185-g6cfeca75b2
 32590 | Spider:4 | Reached XP level 18. HP: 166/166 MP: 30/30
 32650 | Spider:4 | Reached skill level 17 in Axes
 33463 | Spider:4 | Got a gossamer rune of Zot
 33685 | Shoals:1 | Entered Level 1 of the Shoals
 34241 | Shoals:1 | Learned a level 1 spell: Apportation
 34407 | Shoals:1 | Reached skill level 1 in Translocations
 34947 | Shoals:2 | Reached skill level 10 in Shields
 35433 | Shoals:2 | Noticed Polyphemus
 35458 | Shoals:2 | Killed Polyphemus
 35461 | Shoals:2 | Reached XP level 19. HP: 92/174 MP: 31/31
 36007 | Shoals:3 | Reached skill level 18 in Axes
 36666 | Shoals:4 | Entered Level 4 of the Shoals
 36842 | Shoals:4 | Identified the +1 robe of Ixirph {rCorr}
 37096 | Shoals:4 | Reached skill level 15 in Armour
 38363 | Shoals:4 | Got a barnacled rune of Zot
 38523 | Shoals:4 | Identified the +3 leather armour "Onax" {Dex+3}
 38941 | Elf:1    | Entered Level 1 of the Elven Halls
 38960 | Elf:1    | Found a radiant altar of Vehumet.
 38977 | Elf:1    | Reached skill level 5 in Translocations
 39252 | Elf:1    | Reached XP level 20. HP: 183/189 MP: 32/32
 39281 | Elf:1    | Identified Sif Muna's Almanac of Attacks
 39341 | Elf:1    | Found Taozaf's Magic Scroll Shoppe.
 39350 | Elf:1    | Bought a scroll of teleportation for 45 gold pieces
 39350 | Elf:1    | Bought a scroll of blinking for 112 gold pieces
 39350 | Elf:1    | Bought a scroll of identify for 30 gold pieces
 39350 | Elf:1    | Bought a scroll of identify for 30 gold pieces
 39350 | Elf:1    | Bought a scroll of fear for 52 gold pieces
 39350 | Elf:1    | Bought a scroll of enchant armour for 112 gold pieces
 39563 | Elf:1    | Found a runed translucent door.
 39563 | Elf:1    | Found a shimmering altar of Xom.
 39563 | Elf:1    | Noticed Niezos's ghost (journeyman HOFi)
 39580 | Elf:1    | Killed Niezos's ghost
 39836 | Elf:2    | Found Urujus's Antique Armour Shop.
 39846 | Elf:2    | Bought a pair of glowing boots for 277 gold pieces
 40366 | Elf:2    | Found a runed translucent gate.
 40366 | Elf:2    | Found a runed translucent gate.
 40366 | Elf:2    | Found a runed translucent gate.
 40961 | Elf:3    | Entered Level 3 of the Elven Halls
 41800 | Elf:3    | Found Ipuyz's Gadget Emporium.
 41800 | Elf:3    | Found Kely's Jewellery Shop.
 41801 | Elf:3    | Found Heuveptedec's Gadget Emporium.
 41808 | Elf:3    | Bought a +3 ring of evasion for 252 gold pieces
 41974 | Elf:3    | Identified the +2 leather armour of Marbles {*Contam Regen+
                  | Str-4 Stlth+}
 41981 | Elf:3    | Reached XP level 21. HP: 125/198 MP: 34/34
 42163 | Elf:3    | Learned a level 2 spell: Blink
 42196 | Elf:3    | Identified the +6 longbow of Fate {freeze, +Fly Str+3
                  | Dex+5}
 42523 | Elf:3    | Reached skill level 10 in Dodging
 43376 | Elf:3    | Identified the Handbook of Assistive Evil Arts
 43387 | Elf:3    | Learned a level 2 spell: Song of Slaying
 43394 | Elf:3    | Identified a +0 pair of boots of running (You found it on
                  | level 3 of the Elven Halls)
 43401 | Elf:3    | Identified the +1 helmet "Meubliosm" {+Inv rPois Dex-4
                  | SInv} (You found it on level 3 of the Elven Halls)
 43771 | Vaults:1 | Entered Level 1 of the Vaults
 43776 | Vaults:1 | Reached skill level 1 in Charms
 43933 | Vaults:1 | Identified Sif Muna's Collected Works on Supportive Heat
 44332 | Vaults:1 | Reached skill level 5 in Charms
 44396 | Vaults:1 | Found Qommoylu's General Store.
 45227 | Vaults:2 | Reached XP level 22. HP: 48/206 MP: 23/35
 45625 | Vaults:2 | Reached skill level 10 in Charms
 45872 | Vaults:2 | Found Coneph's Magic Scroll Shoppe.
 45886 | Vaults:2 | Bought a scroll of identify for 28 gold pieces
 45886 | Vaults:2 | Bought a scroll of identify for 28 gold pieces
 45886 | Vaults:2 | Bought a scroll of blinking for 105 gold pieces
 45886 | Vaults:2 | Bought a scroll of teleportation for 42 gold pieces
 46617 | Vaults:3 | Found Xoaj's Distillery.
 46629 | Vaults:3 | Bought a potion of heal wounds for 55 gold pieces
 46629 | Vaults:3 | Bought a potion of agility for 44 gold pieces
 46629 | Vaults:3 | Bought a potion of might for 44 gold pieces
 46629 | Vaults:3 | Bought 2 potions of curing for 66 gold pieces
 46881 | Vaults:3 | Found a staircase to the Crypt.
 48407 | Vaults:4 | Upgraded the game from 0.25-a0-185-g6cfeca75b2 to
                  | 0.25-a0-253-g6f1b5d974a
 48449 | Vaults:4 | Reached XP level 23. HP: 192/215 MP: 36/36
 49102 | Vaults:4 | Reached skill level 19 in Axes
 49961 | Depths:1 | Entered Level 1 of the Depths
 50614 | Depths:1 | Noticed Bai Suzhen
 50628 | Depths:1 | Killed Bai Suzhen
 51166 | Depths:1 | Found a one-way gate leading to the halls of Pandemonium.
 51168 | Depths:1 | Found a gateway to Hell.
 51372 | Depths:2 | Found Seapp's Book Boutique.
 51394 | Depths:2 | Reached skill level 20 in Axes
 51596 | Depths:2 | Found Nuwup's Food Shop.
 51600 | Depths:2 | Found Etsiz's Gadget Boutique.
 51601 | Depths:2 | Found Rogaff's Distillery.
 51608 | Depths:2 | Bought a potion of heal wounds for 100 gold pieces
 51608 | Depths:2 | Bought a potion of might for 80 gold pieces
 51608 | Depths:2 | Bought a potion of curing for 60 gold pieces
 51608 | Depths:2 | Bought a potion of curing for 60 gold pieces
 51608 | Depths:2 | Bought a potion of heal wounds for 100 gold pieces
 52348 | Depths:2 | Reached skill level 21 in Axes
 52357 | Depths:2 | Identified the Handbook of Feathers
 52360 | Depths:2 | Identified Suilov's Grimoire of Weightlessness
 52606 | Depths:3 | Reached skill level 22 in Axes
 52956 | Depths:3 | Reached skill level 23 in Axes
 52956 | Depths:3 | Reached XP level 24. HP: 203/224 MP: 36/36
 53227 | Depths:3 | Reached skill level 24 in Axes
 54038 | Depths:4 | Learned a level 3 spell: Regeneration
 54068 | Depths:4 | Noticed Jory
 54080 | Depths:4 | Killed Jory
 54080 | Depths:4 | Reached skill level 1 in Necromancy
 54544 | Depths:4 | Noticed a caustic shrike
 54544 | Depths:4 | Noticed a caustic shrike
 54545 | Depths:4 | Noticed a caustic shrike
 54547 | Depths:4 | Noticed a caustic shrike
 54548 | Depths:4 | Noticed a caustic shrike
 54549 | Depths:4 | Killed a caustic shrike
 54552 | Depths:4 | Killed a caustic shrike
 54554 | Depths:4 | Killed a caustic shrike
 54557 | Depths:4 | Killed a caustic shrike
 54562 | Depths:4 | Killed a caustic shrike
 54836 | Depths:4 | Cast into level 2 of the Abyss (a deep elf sorcerer)
 54873 | Abyss:2  | Found a corrupted altar of Lugonu.
 54892 | Abyss:2  | Found a corrupted altar of Lugonu.
 54957 | Abyss:2  | Found a corrupted altar of Lugonu.
 54968 | Abyss:2  | Found a corrupted altar of Lugonu.
 55263 | Abyss:2  | Paralysed by accursed screaming for 1 turns
 55278 | Abyss:2  | Reached skill level 5 in Necromancy
 55334 | Abyss:2  | Found a corrupted altar of Lugonu.
 55416 | Abyss:2  | Paralysed by accursed screaming for 1 turns
 55441 | Depths:4 | Escaped the Abyss
 55479 | Depths:4 | Reached XP level 25. HP: 179/234 MP: 36/36
 55491 | Depths:4 | Noticed the Enchantress
 55512 | Depths:4 | Killed the Enchantress
 56187 | Depths:4 | Reached skill level 15 in Shields
 56187 | Depths:4 | Identified the +3 trident of Wutzill {antimagic, rElec rC+
                  | Dex+4}
 56209 | Depths:4 | Identified the +3 scale mail of Lifelessness {rN+ MR+
                  | Dex+7}
 56483 | Depths:4 | Noticed Saint Roka
 56508 | Depths:4 | Killed Saint Roka
 56727 | Depths:4 | Found a gateway to a ziggurat.
 56754 | Depths:4 | Found a one-way gate to the infinite horrors of the Abyss.
 57343 | Vaults:4 | Upgraded the game from 0.25-a0-253-g6f1b5d974a to
                  | 0.25-a0-277-g7046ed1b37
 57387 | Vaults:5 | Entered Level 5 of the Vaults
 57393 | Vaults:5 | Reached XP level 26. HP: 225/246 MP: 36/36
 57644 | Vaults:5 | Reached skill level 10 in Necromancy
 57649 | Vaults:5 | Identified the +7 trident "Piroschash" {venom, *Slow +Inv
                  | rPois}
 58404 | Vaults:5 | Found the +8 autumn katana {slice, Clar}
 58424 | Vaults:5 | Got a silver rune of Zot
 59560 | Slime:1  | Entered Level 1 of the Pits of Slime
 59605 | Slime:1  | Reached skill level 1 in Spellcasting
 59793 | Slime:2  | Gained mutation: Your magical capacity is low. (-10% MP) [a
                  | shining eye]
 59813 | Slime:2  | Gained mutation: Scrolls take you a little longer to read.
                  | [a shining eye]
 59816 | Slime:2  | Reached XP level 27. HP: 249/256 MP: 33/33
 60518 | Slime:4  | Reached skill level 5 in Spellcasting
 60540 | Slime:3  | Gained mutation: Your spells are a little harder to cast,
                  | but a little more powerful. [a shining eye]
 60548 | Slime:3  | Gained mutation: Your body sometimes deteriorates upon
                  | taking damage. [a shining eye]
 60646 | Slime:4  | Gained mutation: Scrolls take you longer to read. [a
                  | shining eye]
 60647 | Slime:4  | Gained mutation: You do not regenerate when monsters are
                  | visible. [a shining eye]
 61355 | Slime:5  | Entered Level 5 of the Pits of Slime
 61444 | Slime:4  | Gained mutation: You occasionally shout uncontrollably at
                  | your foes. [a shining eye]
 61659 | Slime:5  | Lost mutation: Your body sometimes deteriorates upon taking
                  | damage. [potion of mutation]
 61659 | Slime:5  | Lost mutation: Your magical capacity is low. (-10% MP)
                  | [potion of mutation]
 61659 | Slime:5  | Lost mutation: You occasionally shout uncontrollably at
                  | your foes. [potion of mutation]
 61659 | Slime:5  | Lost mutation: Your spells are a little harder to cast, but
                  | a little more powerful. [potion of mutation]
 61659 | Slime:5  | Gained mutation: Your muscles are strong. (Str +2) [potion
                  | of mutation]
 61659 | Slime:5  | Lost mutation: Scrolls take you longer to read. [potion of
                  | mutation]
 61659 | Slime:5  | Lost mutation: Scrolls take you a little longer to read.
                  | [potion of mutation]
 61659 | Slime:5  | Gained mutation: You possess an exceptional clarity of
                  | mind. [potion of mutation]
 61852 | Slime:5  | Lost mutation: Your muscles are strong. (Str +2) [a shining
                  | eye]
 61859 | Slime:5  | Gained mutation: Armour fits poorly on your strangely
                  | shaped body. [a shining eye]
 61860 | Slime:5  | Gained mutation: You are occasionally teleported next to
                  | monsters. [a shining eye]
 61862 | Slime:5  | Gained mutation: You are dopey. (Int -2) [a shining eye]
 61865 | Slime:5  | Gained mutation: Your magical capacity is low. (-10% MP) [a
                  | shining eye]
 61877 | Slime:5  | Noticed Dissolution
 61892 | Slime:5  | Killed Dissolution
 62220 | Slime:5  | Lost mutation: Your magical capacity is low. (-10% MP)
                  | [potion of mutation]
 62220 | Slime:5  | Lost mutation: You are partially covered in icy blue
                  | scales. (AC +2) [potion of mutation]
 62220 | Slime:5  | Lost mutation: You are dopey. (Int -2) [potion of mutation]
 62220 | Slime:5  | Gained mutation: You have sharp toenails. [potion of
                  | mutation]
 62221 | Slime:5  | Lost mutation: You have a pair of small horns on your head.
                  | [potion of mutation]
 62221 | Slime:5  | Lost mutation: Armour fits poorly on your strangely shaped
                  | body. [potion of mutation]
 62221 | Slime:5  | Lost mutation: You have sharp toenails. [potion of
                  | mutation]
 62221 | Slime:5  | Gained mutation: Your flesh is cold resistant. (rC+)
                  | [potion of mutation]
 62221 | Slime:5  | Gained mutation: You are clumsy. (Dex -2) [potion of
                  | mutation]
 62221 | Slime:5  | Gained mutation: You have large cloven feet. [potion of
                  | mutation]
 62336 | Slime:5  | Found a viscous altar of Jiyva.
 62337 | Slime:5  | Noticed the Royal Jelly
 62362 | Slime:5  | Reached skill level 15 in Evocations
 62372 | Slime:5  | Killed the Royal Jelly
 62400 | Slime:5  | Identified the cursed +0 cloak of the Onion {+Fly rPois
                  | Str+2 Dex+2} (You found it on level 5 of the Pits of Slime)
 62408 | Slime:5  | Identified the +7 chain mail "Fiesukah" {Int+2} (You found
                  | it on level 5 of the Pits of Slime)
 62424 | Slime:5  | Identified the Tome of the Rocks and Ignition
 62466 | Slime:5  | Identified the cursed +1 plate armour "Juigileo" {Str+4}
                  | (You found it on level 5 of the Pits of Slime)
 62506 | Slime:5  | Lost mutation: You possess an exceptional clarity of mind.
                  | [potion of mutation]
 62506 | Slime:5  | Lost mutation: You have large cloven feet. [potion of
                  | mutation]
 62506 | Slime:5  | Lost mutation: You are resistant to hostile enchantments.
                  | (MR+) [potion of mutation]
 62506 | Slime:5  | Gained mutation: You are weak. (Str -2) [potion of
                  | mutation]
 62506 | Slime:5  | Gained mutation: Your spells are a little harder to cast,
                  | but a little more powerful. [potion of mutation]
 62507 | Slime:5  | Lost mutation: You are clumsy. (Dex -2) [potion of
                  | mutation]
 62507 | Slime:5  | Lost mutation: You are occasionally teleported next to
                  | monsters. [potion of mutation]
 62507 | Slime:5  | Lost mutation: Your flesh is cold resistant. (rC+) [potion
                  | of mutation]
 62507 | Slime:5  | Lost mutation: You are weak. (Str -2) [potion of mutation]
 62507 | Slime:5  | Gained mutation: You are frail. (-10% HP) [potion of
                  | mutation]
 62507 | Slime:5  | Gained mutation: You possess an exceptional clarity of
                  | mind. [potion of mutation]
 62508 | Slime:5  | Lost mutation: You possess an exceptional clarity of mind.
                  | [potion of mutation]
 62508 | Slime:5  | Lost mutation: You do not regenerate when monsters are
                  | visible. [potion of mutation]
 62508 | Slime:5  | Lost mutation: Your spells are a little harder to cast, but
                  | a little more powerful. [potion of mutation]
 62508 | Slime:5  | Gained mutation: You can translocate small distances at
                  | will. [potion of mutation]
 62508 | Slime:5  | Gained mutation: You are very frail. (-20% HP) [potion of
                  | mutation]
 62508 | Slime:5  | Gained mutation: You are partially covered in large bone
                  | plates. (SH +4) [potion of mutation]
 62508 | Slime:5  | Gained mutation: You are partially covered in thin metallic
                  | scales. (AC +2) [potion of mutation]
 62509 | Slime:5  | Lost mutation: You can translocate small distances at will.
                  | [potion of mutation]
 62509 | Slime:5  | Lost mutation: You are partially covered in large bone
                  | plates. (SH +4) [potion of mutation]
 62509 | Slime:5  | Lost mutation: You are very frail. (-20% HP) [potion of
                  | mutation]
 62509 | Slime:5  | Gained mutation: You tend to lose your temper in combat.
                  | [potion of mutation]
 62509 | Slime:5  | Lost mutation: You tend to lose your temper in combat.
                  | [potion of mutation]
 62509 | Slime:5  | Gained mutation: You are agile. (Dex +2) [potion of
                  | mutation]
 62509 | Slime:5  | Gained mutation: You expend magic power (3 MP) to
                  | strengthen your wands. [potion of mutation]
 62510 | Slime:5  | Lost mutation: You are agile. (Dex +2) [potion of mutation]
 62510 | Slime:5  | Gained mutation: You are very frail. (-20% HP) [potion of
                  | mutation]
 62510 | Slime:5  | Gained mutation: You are partially covered in molten
                  | scales. (AC +2) [potion of mutation]
 62538 | Slime:5  | Identified Naolex's Handbook of Snow and Contamination
 62541 | Slime:5  | Got a slimy rune of Zot
 63106 | Depths:5 | Entered Level 5 of the Depths
 64665 | Depths:5 | Noticed Frederick
 64688 | Depths:5 | Killed Frederick
 64874 | Depths:5 | Reached skill level 15 in Dodging
 64980 | Depths:5 | Found a gate to the Realm of Zot.
 65135 | Zot:1    | Entered Level 1 of the Realm of Zot
 65144 | Zot:1    | Noticed an orb of fire
 65153 | Zot:1    | Gained mutation: You are occasionally teleported next to
                  | monsters. [an orb of fire]
 65155 | Zot:1    | Killed an orb of fire
 65249 | Depths:5 | Lost mutation: You are occasionally teleported next to
                  | monsters. [potion of mutation]
 65249 | Depths:5 | Lost mutation: You expend magic power (3 MP) to strengthen
                  | your wands. [potion of mutation]
 65249 | Depths:5 | Lost mutation: You are partially covered in thin metallic
                  | scales. (AC +2) [potion of mutation]
 65249 | Depths:5 | Gained mutation: You are partially covered in thin metallic
                  | scales. (AC +2) [potion of mutation]
 65249 | Depths:5 | Gained mutation: Your flesh is heat resistant. (rF+)
                  | [potion of mutation]
 65249 | Depths:5 | Gained mutation: Your spells are a little harder to cast,
                  | but a little more powerful. [potion of mutation]
 65592 | Vaults:3 | Bought a potion of cancellation for 88 gold pieces
 65592 | Vaults:3 | Bought a potion of mutation for 88 gold pieces
 65592 | Vaults:3 | Bought a potion of curing for 33 gold pieces
 65592 | Vaults:3 | Bought a potion of curing for 33 gold pieces
 65592 | Vaults:3 | Lost mutation: Your spells are a little harder to cast, but
                  | a little more powerful. [potion of mutation]
 65592 | Vaults:3 | Lost mutation: Your flesh is heat resistant. (rF+) [potion
                  | of mutation]
 65592 | Vaults:3 | Lost mutation: You are very frail. (-20% HP) [potion of
                  | mutation]
 65592 | Vaults:3 | Lost mutation: You are frail. (-10% HP) [potion of
                  | mutation]
 65592 | Vaults:3 | Gained mutation: You have a pair of small horns on your
                  | head. [potion of mutation]
 66007 | Zig:1    | Entered Level 1 of a ziggurat
 66039 | Zig:2    | Entered Level 2 of a ziggurat
 66309 | Zig:3    | Entered Level 3 of a ziggurat
 66309 | Zig:3    | Noticed an orb of fire
 66310 | Zig:3    | Gained mutation: You do not regenerate when monsters are
                  | visible. [an orb of fire]
 66324 | Zig:3    | Killed an orb of fire
 66375 | Zig:4    | Entered Level 4 of a ziggurat
 66590 | Zig:5    | Entered Level 5 of a ziggurat
 66746 | Zig:6    | Entered Level 6 of a ziggurat
 66854 | Zig:7    | Entered Level 7 of a ziggurat
 66855 | Zig:7    | Upgraded the game from 0.25-a0-277-g7046ed1b37 to
                  | 0.25-a0-283-ge7e91ba8d0
 66859 | Zig:7    | Paralysed by a vampire knight for 2 turns
 66884 | Zig:8    | Entered Level 8 of a ziggurat
 68700 | Zot:2    | Upgraded the game from 0.25-a0-283-ge7e91ba8d0 to
                  | 0.25-a0-287-g56a5b49892
 69609 | Zot:3    | Noticed an ancient lich
 69796 | Zot:2    | Reached skill level 25 in Axes
 69973 | Zot:2    | Killed an ancient lich
 70193 | Zot:3    | Paralysed by a lich for 7 turns
 71028 | Zot:3    | Noticed an orb of fire
 71034 | Zot:3    | Gained mutation: Your body sometimes deteriorates upon
                  | taking damage. [an orb of fire]
 71037 | Zot:3    | Killed an orb of fire
 71283 | Zot:3    | Reached skill level 26 in Axes
 72306 | Zot:4    | Reached skill level 27 in Axes
 72432 | Zot:5    | Entered Level 5 of the Realm of Zot
 72442 | Zot:5    | Noticed an orb of fire
 72442 | Zot:5    | Noticed an ancient lich
 72445 | Zot:5    | Gained mutation: Your spells are a little easier to cast,
                  | but a little less powerful. [an orb of fire]
 72447 | Zot:5    | Noticed an orb of fire
 72448 | Zot:5    | Gained mutation: Your spells are easier to cast, but less
                  | powerful. [an orb of fire]
 72453 | Zot:5    | Gained mutation: Scrolls take you a little longer to read.
                  | [an orb of fire]
 72454 | Zot:5    | Noticed an ancient lich
 72455 | Zot:5    | Noticed an ancient lich
 72468 | Zot:5    | Killed an ancient lich
 72471 | Zot:5    | Killed an ancient lich
 73223 | Zot:4    | Gained mutation: You occasionally shout uncontrollably at
                  | your foes. [an orb of fire]
 73228 | Zot:4    | Killed an orb of fire
 73754 | Zot:5    | Noticed an orb of fire
 73772 | Zot:5    | Killed an orb of fire
 73894 | Zot:5    | Noticed an ancient lich
 73894 | Zot:5    | Noticed an ancient lich
 73904 | Zot:5    | Killed an ancient lich
 73913 | Zot:5    | Killed an ancient lich
 74112 | Zot:5    | Gained mutation: Scrolls take you longer to read. [an orb
                  | of fire]
 74118 | Zot:5    | Gained mutation: Your body often deteriorates upon taking
                  | damage. [an orb of fire]
 74119 | Zot:5    | Gained mutation: Your magical capacity is low. (-10% MP)
                  | [an orb of fire]
 74120 | Zot:5    | Killed an orb of fire
 74180 | Zot:5    | Killed an ancient lich
 74514 | Zot:5    | Got the Orb of Zot
 74913 | Zot:3    | Noticed Wieplexe the pandemonium lord
 74913 | Zot:3    | Noticed an ancient lich
 75492 | D:4      | Noticed Ussic the pandemonium lord
 75506 | D:4      | Killed Ussic the pandemonium lord
 75638 | D:$      | Escaped with the Orb!

Levels and vault maps discovered:
D:1:      onia_arrival_handbag, layout_basic
D:2:      layout_basic, first_ration, small_statue_intersection,
          nicolae_ashenzari_panopticon
D:3:      layout_rooms, uniq_crazy_yiuf_cottage
D:4:      layout_rooms, demons_altar, minmay_temple_entry_trees,
          hellmonk_ghost_happy_afterlife, serial_shops, kennysheep_mini_moat,
          hangedman_feature_mirror
D:5:      layout_basic
D:6:      layout_basic, nicolae_ossuary_entry_monument,
          chequers_serial_rivers_small_b, chequers_serial_rivers_micro_b,
          uniq_prince_ribbit1, uniq_blork_the_orc
D:7:      layout_basic, grunt_temple_overflow_open, serial_shops, shop,
          minivault_5
D:8:      wad_arrow_thing, layout_basic, david_lair_shrubbed,
          blue_anna_alchemist [blue_anna_fruit_fields, blue_anna_fruit_fields],
          uniq_maurice, uniq_pikel
D:9:      layout_basic, kennysheep_generic_room_9, uniq_grum
D:10:     cheibrodos_ideogram_h, layout_loops_corners, orc_0_dummy,
          serial_glass, glass_columns_c, glass_columns_a, glass_columns_c,
          glass_columns_b, chequers_serial_rivers_small_3, minivault_8
D:11:     minmay_the_grid_plus_closed [minmay_the_grid_small_cups,
          minmay_the_grid_all_tris, minmay_the_grid_tri_star,
          minmay_the_grid_zigzag_pyramid, minmay_the_grid_prize_four_corners],
          layout_stronghold, serial_bayou_crossing, uniq_fannar
D:12:     layout_long_grid
D:13:     layout_basic, basic_altar, uniq_josephine
D:14:     layout_basic, grunt_vaults_entry_tiered, feat_on_display
D:15:     grunt_enter_depths_hoard, layout_irregular_city,
          hangedman_abyss_or_decor_stagger
Temple:   eino_temple_lava
Lair:1:   layout_chaotic_city, lemuel_fruit_fields
Lair:2:   lemuel_slime, layout_cave_pods, spider_nest_entry_web_field,
          serial_bayou_shore_b
Lair:3:   layout_chaotic_city, minmay_lair_oklob_chamber
Lair:4:   layout_concentric_octagons, elwin_shoals_entry_rocks, uniq_nessos
Lair:5:   layout_misc_corridors, lemuel_fruit_tree, serial_bayou_shore_b
Lair:6:   evilmike_catoblepas_cave, layout_gridlike, dpeg_slime_entry_corner,
          basic_altar, chequers_serial_rivers_micro_e, columned_hall_lemuel,
          nicolae_quartered_pool_little
Shoals:1: layout_shoals
Shoals:2: layout_shoals, nicolae_shoals_water_shrine, uniq_polyphemus
Shoals:3: layout_shoals, st_sunken_huts
Shoals:4: shoals_end_grunt_ice, layout_shoals
Spider:1: layout_spider_delve, drop_trap, nicolae_spider_webs_and_nodes,
          uniq_nikola
Spider:2: layout_spider_delve, gammafunk_ghost_necromancy
Spider:3: layout_chambers
Spider:4: floodkiller_spider_rune_tomb, worms_lemuel
Slime:1:  layout_caves, nicolae_slime_barrier
Slime:2:  layout_caves
Slime:3:  layout_caves
Slime:4:  nicolae_slime_jelly_donut, layout_caves
Slime:5:  uniq_dissolution
Orc:1:    layout_caves, enter_bailey_3, bh_open_orc_temple
Orc:2:    grunt_orc_community_town_hall, layout_caves,
          grunt_orc_community_big_house_1, grunt_orc_community_big_house_1,
          grunt_orc_community_house_2, grunt_orc_community_house_2,
          grunt_orc_community_house_2, grunt_orc_community_house_1,
          grunt_orc_community_house_2, grunt_orc_community_house_3,
          nooodl_orcs_dogs
Elf:1:    eino_elf_arrival_altar, layout_loops_cross, ebering_ghost_xom,
          serial_shops, shop, minmay_elf_annihilation,
          hangedman_elf_power_crystal
Elf:2:    layout_geoelf_diagonals, serial_shops,
          nicolae_shop_competitors_out_of_business, fountainhead,
          grunt_ministairs_8
Elf:3:    minmay_elf_hall_statues, layout_geoelf_diagonals, minmay_shop_grove
Vaults:1: nicolae_vaults_alarming, hangedman_vaults_stagger,
          nicolae_vaults_mini_display_case, v_pattern_1, v_misc_25,
          vaults_room_grunt_arrival_ludios, vaults_room_fours,
          vaults_room_pools, nicolae_vaults_little_squares_4,
          vaults_room_glass_cross, nicolae_vaults_little_squares_3,
          layout_vaults_chaotic_city, serial_shops, shop
Vaults:2: v_misc_17, ontoclasm_vaults_twist, ontoclasm_vaults_idyll, v_misc_28,
          hangedman_vaults_snaps, vaults_mumra_hex, nicolae_vaults_angled_halls,
          v_misc_18, vaults_standard_mumra_x, v_misc_19, vaults_room_corners,
          nicolae_vaults_shelves_hall, layout_vaults_omnicross, serial_shops,
          nicolae_shop_statue_plus
Vaults:3: v_misc_31, nicolae_vaults_stairing_the_circle, vaults_room_hallway,
          v_misc_30, minmay_crypt_entry_simple_box, nicolae_vaults_little_ls,
          v_misc_19, serial_ice_h, grunt_vaults_hallway_long,
          ontoclasm_vaults_ligature, nicolae_vaults_little_squares_2,
          layout_vaults_omnigrid, serial_shops, nicolae_shop_crystal
Vaults:4: nicolae_vaults_yaktaur_gun_rack, st_check, v_alt_pattern_6,
          vaults_room_fours, vaults_room_boxed, hangedman_vaults_impose,
          nicolae_vaults_ring_of_whatevers, v_rooms_4,
          hangedman_vaults_stretched_pinwheel, vaults_room_stairs_pillars,
          dpeg_vaults_monster_row, ontoclasm_vaults_misaligned,
          nicolae_vaults_little_squares_2, layout_vaults_maze_bifur
Vaults:5
Depths:1: layout_big_octagon, grunt_hell_entry_dis_grunt,
          minmay_misc_feat_columns, pan_entry, serial_bayou_ford_a,
          nooodl_food_tri, uniq_bai_suzhen
Depths:2: mu_elemental_laboratory, layout_basic, hell_entry, serial_shops, shop,
          chequers_decorated_corner, infiniplex_staircase_pillars_2,
          minmay_shop_star
Depths:3: nooodl_glass_maze, layout_cave_pools, grunt_mini_vestibule,
          rand_demon_pan_entry_7, minivault_21, st_stairs_1,
          hangedman_abyss_or_decor_clamps
Depths:4: grunt_runaround [grunt_runaround_doors_1, grunt_runaround_doors_2,
          grunt_runaround_doors_3, grunt_runaround_doors_4,
          grunt_runaround_loot], abyss_entry, hell_entry, pan_entry,
          uniq_saint_roka, uniq_enchantress, uniq_jory
Depths:5: grunt_zot_entry_gee_three, layout_basic, pf_dread_powers_of_hell,
          serial_sigils_hangedman_gut, uniq_frederick
Zot:1:    layout_basic
Zot:2:    layout_onion
Zot:3:    hangedman_zot_vaults_quadrants, layout_concentric_octagons,
          st_stairs_1
Zot:4:    minmay_elemental_castle, layout_onion
Zot:5:    layout_gridlike

Skill      XL: |  1  2  3  4  5  6  7  8  9 10 11 12 13 14 15 16 17 18 19 20 21 22 23 24 25 26 27 |
---------------+----------------------------------------------------------------------------------+-----
Axes           | 3 4 5 6 7 8 9 10 12 13 14 15 16 17 18 23 24 27 | 27.0
Fighting       | 4 5 6 7 9 10 11 12 13 14 15 16 18 19 20 21 22 25 | 25.5
Invocations    | 2 5 7 9 11 12 13 15 16 17 18 19 26 | 26.7
Armour         | 5 6 10 11 12 14 16 17 18 19 20 | 20.5
Shields        | 5 6 8 9 11 12 14 15 16 | 16.8
Dodging        | 2 4 6 9 11 18 | 18.2
Evocations     | 1 4 8 12 13 15 | 15.7
Translocations | 4 5 7 |  7.2
Charms         | 9 11 | 11.9
Necromancy     | 5 8 11 | 11.1
Spellcasting   | 2 7 |  7.2

Action                   |  1- 3 |  4- 6 |  7- 9 | 10-12 | 13-15 | 16-18 | 19-21 | 22-24 | 25-27 || total
-------------------------+-------+-------+-------+-------+-------+-------+-------+-------+-------++-------
Melee: War axe           |   106 |   155 |   296 |   254 |       |       |       |       |       ||   811
       Headbutt          |       |       |    58 |   190 |   291 |   355 |   396 |   507 |   684 ||  2481
       Broad axe         |       |       |       |   256 |   855 |  1065 |  1264 |  1279 |  2082 ||  6801
       Whip              |       |       |       |    12 |       |       |       |       |       ||    12
       Morningstar       |       |       |       |       |    29 |       |       |       |       ||    29
 Cast: Song of Slaying   |       |       |       |       |       |       |     1 |    11 |    12 ||    24
       Blink             |       |       |       |       |       |       |     1 |     1 |     3 ||     5
       Regeneration      |       |       |       |       |       |       |       |     2 |    27 ||    29
Invok: Bend Time         |       |       |       |     4 |       |     1 |     1 |       |       ||     6
       Slouch            |       |       |       |     1 |     4 |     5 |     3 |     4 |    15 ||    32
       Step From Time    |       |       |       |       |       |     1 |       |       |     2 ||     3
 Abil: Evoke Blink       |       |       |       |       |     1 |     5 |     2 |       |       ||     8
       Evoke Invisibilit |       |       |       |       |       |     7 |       |       |     6 ||    13
Evoke: Wand              |       |       |     2 |     6 |    46 |    19 |    17 |       |    26 ||   116
  Use: Scroll            |     3 |    10 |    11 |    10 |    19 |    12 |    15 |     4 |    41 ||   125
       Potion            |       |     4 |     2 |     1 |     1 |     2 |     3 |     3 |    48 ||    64
 Stab: Confused          |       |     1 |       |       |       |       |       |       |       ||     1
       Invisible         |       |       |       |       |    16 |    30 |     1 |       |    31 ||    78
       Petrified         |       |       |       |       |       |     6 |     5 |       |       ||    11
       Paralysed         |       |       |       |       |       |     2 |       |       |       ||     2
       Petrifying        |       |       |       |       |       |     2 |       |       |       ||     2
       Distracted        |       |       |       |       |       |       |     1 |     2 |     2 ||     5
  Eat: Chunk             |       |     4 |     4 |     6 |    15 |     5 |     5 |    13 |     1 ||    53
       Ration            |       |     1 |     2 |     1 |     3 |     6 |     4 |     3 |    13 ||    33
Armor: Scale mail        |    59 |    73 |    33 |   145 |    26 |       |       |       |       ||   336
       Chain mail        |       |       |    87 |       |       |       |       |       |       ||    87
       Ice dragon scales |       |       |       |       |   111 |       |       |       |       ||   111
       Gold dragon scale |       |       |       |       |   157 |   582 |   387 |   423 |   847 ||  2396
Dodge: Dodged            |    32 |    40 |    64 |   240 |   461 |   943 |   761 |   807 |  1761 ||  5109
Block: Shield            |    56 |    94 |   177 |   341 |   724 |  1112 |   971 |   939 |  1740 ||  6154

Table legend:
 A = Non-vault XP
 B = Vault XP
 C = Vault XP percentage of total XP
 D = Non-vault monster count
 E = Vault monster count
 F = Vault count percentage of total count
                 A         B        C        D         E       F
            +---------+---------+-------+---------+---------+-------
      Total | 1047073 | 1009792 |  49.1 |    1809 |    1031 |  36.3
            +---------+---------+-------+---------+---------+-------
        D:1 |      37 |      11 |  22.9 |      24 |       4 |  14.3
        D:2 |     196 |       0 |   0.0 |      30 |       0 |   0.0
        D:3 |     221 |      41 |  15.6 |      33 |       1 |   2.9
        D:4 |     685 |     438 |  39.0 |      21 |       6 |  22.2
        D:5 |     286 |       0 |   0.0 |       7 |       0 |   0.0
        D:6 |    1202 |     355 |  22.8 |      24 |       2 |   7.7
        D:7 |     393 |       0 |   0.0 |      15 |       0 |   0.0
        D:8 |     556 |    2206 |  79.9 |      14 |      12 |  46.2
        D:9 |    2513 |     685 |  21.4 |      31 |       5 |  13.9
       D:10 |    2649 |    3713 |  58.4 |      22 |      24 |  52.2
       D:11 |    1933 |    6945 |  78.2 |      13 |      23 |  63.9
       D:12 |    8868 |       0 |   0.0 |      37 |       0 |   0.0
       D:13 |    8098 |    2101 |  20.6 |      39 |       6 |  13.3
       D:14 |   10087 |    7974 |  44.2 |      45 |      25 |  35.7
       D:15 |   13885 |    2091 |  13.1 |      35 |       2 |   5.4
     Lair:1 |    4978 |       0 |   0.0 |      21 |       0 |   0.0
     Lair:2 |    5775 |    1047 |  15.3 |      20 |      21 |  51.2
     Lair:3 |    2837 |    2632 |  48.1 |      11 |       7 |  38.9
     Lair:4 |    2708 |    1399 |  34.1 |      13 |       1 |   7.1
     Lair:5 |    7337 |       0 |   0.0 |      28 |       0 |   0.0
     Lair:6 |    7380 |   11500 |  60.9 |      25 |      23 |  47.9
   Shoals:1 |   18875 |       0 |   0.0 |      41 |       0 |   0.0
   Shoals:2 |   20526 |   11734 |  36.4 |      44 |      16 |  26.7
   Shoals:3 |    6800 |    5107 |  42.9 |      13 |       9 |  40.9
   Shoals:4 |   22949 |   26848 |  53.9 |      47 |      37 |  44.0
   Spider:1 |   14045 |    3483 |  19.9 |      38 |       1 |   2.6
   Spider:2 |   17659 |    5608 |  24.1 |      42 |      12 |  22.2
   Spider:3 |   17655 |       0 |   0.0 |      45 |       0 |   0.0
   Spider:4 |   25769 |   42271 |  62.1 |      60 |      80 |  57.1
    Slime:1 |    8916 |       0 |   0.0 |      17 |       0 |   0.0
    Slime:2 |   18404 |       0 |   0.0 |      39 |       0 |   0.0
    Slime:3 |   17416 |       0 |   0.0 |      27 |       0 |   0.0
    Slime:4 |   15031 |     380 |   2.5 |      21 |       9 |  30.0
    Slime:5 |   15588 |   42448 |  73.1 |      27 |      14 |  34.1
      Orc:1 |    1948 |    1026 |  34.5 |      19 |       7 |  26.9
      Orc:2 |    3551 |    7640 |  68.3 |      24 |      82 |  77.4
      Elf:1 |   14701 |   12033 |  45.0 |      25 |      18 |  41.9
      Elf:2 |   35261 |   23692 |  40.2 |      53 |      29 |  35.4
      Elf:3 |    9755 |   52380 |  84.3 |      19 |      33 |  63.5
   Vaults:1 |   17749 |   16904 |  48.8 |      35 |      24 |  40.7
   Vaults:2 |   39732 |   23568 |  37.2 |      63 |      41 |  39.4
   Vaults:3 |   14592 |   20913 |  58.9 |      23 |      26 |  53.1
   Vaults:4 |   27107 |   51717 |  65.6 |      44 |      45 |  50.6
   Vaults:5 |   48804 |  105838 |  68.4 |      70 |      86 |  55.1
   Depths:1 |   35617 |   12364 |  25.8 |      49 |       8 |  14.0
   Depths:2 |   10648 |   10163 |  48.8 |      15 |      27 |  64.3
   Depths:3 |   50569 |   14434 |  22.2 |      70 |      15 |  17.6
   Depths:4 |     559 |  199204 |  99.7 |       2 |     125 |  98.4
   Depths:5 |   48190 |   33399 |  40.9 |      49 |      20 |  29.0
      Zot:1 |   68914 |       0 |   0.0 |      39 |       0 |   0.0
      Zot:2 |   56541 |   43007 |  43.2 |      32 |      21 |  39.6
      Zot:3 |  100334 |   22370 |  18.2 |      57 |      10 |  14.9
      Zot:4 |   37972 |   32839 |  46.4 |      21 |      10 |  32.3
      Zot:5 |   68271 |  143156 |  67.7 |      37 |      35 |  48.6
    Abyss:2 |   21311 |       0 |   0.0 |      46 |       0 |   0.0
      Zig:1 |    2240 |       0 |   0.0 |       6 |       0 |   0.0
      Zig:2 |     957 |       0 |   0.0 |       4 |       0 |   0.0
      Zig:3 |   10279 |       0 |   0.0 |       2 |       0 |   0.0
      Zig:4 |    1964 |       0 |   0.0 |      10 |       0 |   0.0
      Zig:5 |    5517 |       0 |   0.0 |      10 |       0 |   0.0
      Zig:6 |    7688 |       0 |   0.0 |      10 |       0 |   0.0
      Zig:7 |    2996 |       0 |   0.0 |       3 |       0 |   0.0
      Zig:8 |    1049 |     662 |  38.7 |       3 |       1 |  25.0
    Ossuary |       0 |     427 | 100.0 |       0 |      16 | 100.0
     Bailey |       0 |    1039 | 100.0 |       0 |      12 | 100.0
            +---------+---------+-------+---------+---------+-------
